 Dungeon Crawl Stone Soup version 0.29-a0-231-g945431f764 (webtiles) character file.

Game seed: 16829569362787201643

21 uselesstheremin the Slasher (level 2, 0/20 HPs)
             Began as a Gnoll Wanderer on Feb 28, 2022.
             Slain by an adder (3 damage)
             ... on level 1 of the Dungeon.
             The game lasted 00:10:16 (787 turns).

uselesstheremin the Slasher (Gnoll Wanderer)         Turns: 787, Time: 00:10:16

Health: 0/20       AC:  3    Str:  8    XL:     2   Next: 83%
Magic:  5/5        EV: 11    Int:  9    God:
Gold:   0          SH:  5    Dex: 16    Spells: 5/6 levels left

rFire   . . .      SeeInvis .   a - +0 long sword
rCold   . . .      Faith    .   b - +0 buckler
rNeg    . . .      Spirit   .   c - +0 robe
rPois   .          Reflect  .   g - +0 helmet
rElec   .          Harm     .   (no cloak)
rCorr   .          Rampage  .   (no gloves)
Will    .....                   (no boots)
Stlth   ++........              (no amulet)
HPRegen 0.06/turn               (no ring)
MPRegen 0.09/turn               (no ring)

@: no status effects
A: fangs 1, strong nose, distributed training
a: no special abilities


You were on level 1 of the Dungeon.
You visited 1 branch of the dungeon, and saw 2 of its levels.

Inventory:

Hand Weapons
 a - a +0 long sword (weapon)
Missiles
 e - 2 poisoned darts
Armour
 b - a +0 buckler (worn)
 c - a +0 robe (worn)
 g - a +0 helmet (worn)
Magical Staves
 d - a staff of fire
Potions
 i - a potion of flight {unknown}


   Skills:
 + Level 0.5 Fighting
 + Level 0.5 Short Blades
 + Level 6.5 Long Blades
 + Level 0.5 Axes
 + Level 0.5 Maces & Flails
 + Level 0.5 Polearms
 + Level 0.5 Staves
 + Level 0.5 Slings
 + Level 0.5 Bows
 + Level 0.5 Crossbows
 + Level 0.5 Throwing
 + Level 2.5 Armour
 + Level 0.5 Dodging
 + Level 2.3 Stealth
 + Level 2.5 Shields
 + Level 0.5 Unarmed Combat
 + Level 2.7 Spellcasting
 + Level 0.3 Conjurations
 + Level 0.3 Hexes
 + Level 0.3 Summonings
 + Level 0.3 Necromancy
 + Level 0.3 Translocations
 + Level 0.3 Transmutations
 + Level 0.3 Fire Magic
 + Level 0.3 Ice Magic
 + Level 0.3 Air Magic
 + Level 0.3 Earth Magic
 + Level 2.0 Poison Magic
 + Level 2.5 Invocations
 + Level 2.5 Evocations


You had 5 spell levels left.
You knew the following spells:

 Your Spells              Type           Power      Damage    Failure   Level
a - Sting                 Tmut/Pois      12%        1d3       26%         1

Your spell library contained the following spells:

 Spells                   Type           Power      Damage    Failure   Level
 Slow                     Hex            4%         N/A       34%         1
 Poisonous Vapours        Pois/Air       6%         N/A       36%         2
 Spider Form              Tmut/Pois      3%         N/A       58%         3
 Confusing Touch          Hex            1%         N/A       71%         3
 Vampiric Draining        Necr           1%         2d6       71%         3
 Olgreb's Toxic Radiance  Pois           4%         N/A       86%         4


Dungeon Overview and Level Annotations

Branches:
Dungeon (2/15)

Altars:


Innate Abilities, Weirdness & Mutations

You have very sharp teeth.
Your uncanny sense of smell can sniff out nearby items.
Your experience applies equally to all skills.


Message History

A kobold comes into view. It is wielding a +0 short sword.
The kobold shouts!
You block the kobold's attack.
There is a stone staircase leading down here.
The kobold misses you.
You climb downwards.
Found six items.
Found a stone staircase leading down.
There is a stone staircase leading up here.
You hit the kobold but do no damage. You block the kobold's attack.
A rat comes into view.
The adder hisses angrily.
The bat closely misses you. The kobold hits you with a +0 whip.
You hit the bat.
You kill the bat!
You block the kobold's attack. The adder barely misses you.
You hit the quokka. You bite the quokka, but do no damage.
The quokka is severely wounded.
The adder closely misses you. The kobold hits you with a +0 whip.
The quokka bites you. The adder bites you.
* * * LOW HITPOINT WARNING * * *
You are poisoned.
The adder poisons you!
It was a potion of curing.
You feel better. The kobold hits you with a +0 whip. The quokka bites you.
The adder bites you but does no damage. The kobold barely misses you.
You block the quokka's attack.
There is a stone staircase leading up here.
You can't go down here!
The adder bites you. You block the quokka's attack.
The kobold barely misses you. The adder bites you.
The quokka closely misses you.
You climb upwards.
There is a stone staircase leading down here.
You slash the quokka!
You kill the quokka!
You block the kobold's attack. The adder bites you but does no damage.
You are too injured to fight recklessly!
The kobold hits you with a +0 whip.
* * * LOW HITPOINT WARNING * * *
The adder bites you.
You die...

.# #....# # ... #
#.#.# #. .#.# #
#.#.###.# .#.#.#
#.......# K....
###'##### #.#.# ∆# ##
##...## #.#.##.#
.###.....## ##......#
.##.......## ##K##.#
.#.........####.@>#.#
.+.........'...)SK..#
.#.........####...#.#
.##.......## ##.##.#
.###.....## ######.#
## ##...## #.. ...
##'## #.# #.# #.# #.#
### #.# #.#


You could see an adder and 2 kobolds.

Vanquished Creatures
  A dart slug (D:1)
  4 goblins (D:1)
  2 kobolds (D:1)
  2 quokkas (D:1)
  2 bats
  2 frilled lizards (D:1)
  6 rats (D:1)
19 creatures vanquished.

Notes
Turn   | Place    | Note
-------+----------+-------------------------------------------
     0 | D:1      | uselesstheremin the Gnoll Wanderer began the quest for the
                  | Orb.
     0 | D:1      | uselesstheremin set off with the following items: a +0 long
                  | sword, a +0 buckler, a +0 robe; and the following spell
                  | memorised: Sting; and the following spells available to
                  | memorise: Spider Form
     0 | D:1      | Reached XP level 1. HP: 13/13 MP: 4/4
   429 | D:1      | Reached XP level 2. HP: 19/19 MP: 5/5
   787 | D:1      | Slain by an adder

Illustrated notes

Levels and vault maps discovered:
D:1:      dpeg_arrival_subterranean_lakeside_camping, layout_loops_corners
D:2:      layout_rooms, basic_altar

Skill      XL: |  1 |
---------------+----+-----
Poison Magic   | 2 |  2.0
Fighting       | |  0.5
Short Blades   | |  0.5
Long Blades    | |  6.5
Axes           | |  0.5
Maces & Flails | |  0.5
Polearms       | |  0.5
Staves         | |  0.5
Slings         | |  0.5
Bows           | |  0.5
Crossbows      | |  0.5
Throwing       | |  0.5
Armour         | |  2.5
Dodging        | |  0.5
Stealth        | |  2.3
Shields        | |  2.5
Unarmed Combat | |  0.5
Spellcasting   | |  2.7
Conjurations   | |  0.3
Hexes          | |  0.3
Summonings     | |  0.3
Necromancy     | |  0.3
Translocations | |  0.3
Transmutations | |  0.3
Fire Magic     | |  0.3
Ice Magic      | |  0.3
Air Magic      | |  0.3
Earth Magic    | |  0.3
Invocations    | |  2.5
Evocations     | |  2.5

Action                   || total
-------------------------++-------
Melee: Long sword        ||    47
       Bite              ||     7
  Use: Potion            ||     2
       Scroll            ||     1
 Stab: Sleeping          ||     3
Armor: Robe              ||    15
Dodge: Dodged            ||    30
Block: Buckler           ||    19

Table legend: (Time is in decaauts)
 A = Elapsed time spent in this place.
 B = Non-inter-level travel time spent in this place.
 C = Inter-level travel time spent in this place.
 D = Time resting spent in this place.
 E = Time spent auto-exploring this place.
 F = Levels seen in this place.
 G = Mean time per level.
                   A        B        C        D        E       F      G
               +--------+--------+--------+--------+--------+-----+--------+
         Total |    808 |    807 |      1 |      0 |    283 |   2 |  404.0 |
       Dungeon |    808 |    807 |      1 |      0 |    283 |   2 |  404.0 |
               +--------+--------+--------+--------+--------+-----+--------+

Top non-repeatable levels by time:
     D:1: 800 daAuts
     D:2: 8 daAuts
